 Dungeon Crawl Stone Soup version 0.31-a0-968-g24f9ace8b5 (webtiles) character file.

Game seed: 11039716662260379159

4610 Turgor the Mimic (level 10, -2/80 (86) HPs)
             Began as a Grey Draconian Shapeshifter on Oct 27, 2023.
             Was an Initiate of Gozag.
             Slain by a wight
             ... wielding a +7 trident
              (4 damage)
             ... on level 8 of the Dungeon.
             The game lasted 00:40:26 (8303 turns).

Turgor the Mimic (Grey Draconian Shapeshifter)      Turns: 8303, Time: 00:40:27

HP:   -2/80 (86)    AC: 15    Str: 16    XL:     10   Next: 19%
MP:   10/10         EV: 14    Int: 12    God:    Gozag
Gold: 1246          SH:  0    Dex: 14    Spells: 8/9 levels left

rFire   . .          .
                       - Unarmed
rCold   . . .        (shield currently unavailable)
rNeg    . . .        (body armour unavailable)
rPois   .            (helmet restricted)
rElec   .            u - +0 cloak
rCorr   .            E - +0 pair of gloves
SInv    .            q - +0 pair of boots
Will    .....        (no amulet)
Stlth   +            (no ring)
HPRegen 0.33/turn    (no ring)
MPRegen 0.12/turn

%: no passive effects
@: flux-form, gold aura, glowing, drained
A: glow, contaminating, AC +12, amphibious, unfitting armour, cold-blooded
a: Begin Untransformation, Renounce Religion, Potion Petition, Call Merchant,
Bribe Branch


You were on level 8 of the Dungeon.
You worshipped Gozag.
Gozag was most pleased with you.
You were something dangerously unstable.
You visited 2 branches of the dungeon, and saw 10 of its levels.

You collected 1320 gold pieces.
You paid 74 gold pieces to Gozag.

Inventory:

Missiles
 k - 9 poisoned darts (quivered)
Armour
 n - the orb of Inevitability {mayhem, rF+ Will+}
   (You found it on level 2 of the Dungeon)

   rF+:       It protects you from fire.
   Will+:     It increases your willpower.
 q - a +0 pair of boots (worn)
 u - a +0 cloak (worn)
 E - a +0 pair of gloves (worn)
Jewellery
 A - a ring of fire
 H - a ring of willpower
Talismans
 b - a beast talisman
 c - a flux talisman (active)
 o - a serpent talisman
 F - a maw talisman
Wands
 i - a wand of flame (6)
 I - a wand of light (2)
Scrolls
 d - 2 scrolls of amnesia
 f - 3 scrolls of fog
 g - 2 scrolls of poison
 h - a scroll of noise
 j - 5 scrolls of teleportation
 s - a scroll of fear {unknown}
 w - a scroll of acquirement {unknown}
 x - 2 scrolls of identify
 y - a scroll of enchant armour {unknown}
 z - a scroll of butterflies {unknown}
 B - 3 scrolls of enchant weapon {unknown}
 C - a scroll of blinking {unknown}
 D - a scroll of torment {unknown}
Potions
 a - a potion of lignification
 e - 2 potions of ambrosia
 l - 3 potions of magic
 m - 2 potions of curing
 p - 4 potions of brilliance
 r - 2 potions of enlightenment
 t - a potion of resistance
 v - a potion of cancellation
 G - 2 potions of mutation
 J - a potion of heal wounds


   Skills:
 + Level 7.3 Fighting
 + Level 6.3 Dodging
 + Level 7.4 Unarmed Combat
 * Level 9.2 Shapeshifting


You had 8 spell levels left.
You knew the following spells:

 Your Spells              Type           Power      Damage    Failure   Level
a - Apportation           Tloc           0%         N/A       32%         1

Your spell library contained the following spells:

 Spells                   Type           Power      Damage    Failure   Level
 Magic Dart               Conj           0%         1d3       32%         1
 Slow                     Hex            0%         N/A       32%         1
 Call Imp                 Summ           0%         N/A       45%         2
 Jinxbite                 Hex            0%         N/A       45%         2
 Confusing Touch          Hex            0%         N/A       69%         3
 Mephitic Cloud           Conj/Pois/Air  0%         N/A       69%         3
 Ozocubu's Armour         Ice            0%         N/A       69%         3
 Sigil of Binding         Hex            0%         N/A       69%         3
 Vampiric Draining        Necr           0%         2d6       69%         3
 Manifold Assault         Tloc           0%         N/A       97%         4
 Alistair's Intoxication  Tmut/Pois      0%         N/A       100%        5
 Metabolic Englaciation   Hex/Ice        0%         N/A       100%        5
 Dispersal                Tloc           0%         N/A       100%        6
 Disjunction              Tloc           0%         N/A       100%        8
 Simulacrum               Ice/Necr       Unusable   N/A       N/A         6

Dungeon Overview and Level Annotations

Branches:
Dungeon (9/15)             Temple (1/1) D:4
   Lair: D:8-11         Orc: D:9-12

Altars:
Ashenzari
Cheibriados
Dithmenos
Elyvilon
Fedhas
Gozag
Hepliaklqana
Kikubaaqudgha
Nemelex Xobeh
Okawaru
Ru
Sif Muna
Trog
Uskayaw
Vehumet
Wu Jian
Xom
Yredelemnul
Zin
The Shining One

Shops:
D:5 (

Annotations:
D:3 1 runed translucent door, Crazy Yiuf


Innate Abilities, Weirdness & Mutations

You are something dangerously unstable.
You glow with magical radiation, making you easy to see and hit.
Foes you strike become dangerously contaminated with magical radiation.
You are incapable of wielding weapons or throwing items.
Your dull iron-grey scales are very hard. (AC +12)
You are amphibious.
You cannot fit into any form of body armour.
You are cold-blooded and may be slowed by cold attacks.


Message History

You barely miss the wight.
You tail-slap the wight, but do no damage.
The wight hits you with a +4 halberd!
You feel drained. The wight hits you but does no damage.
You completely miss the wight.
You tail-slap the wight, but do no damage.
The wight misses you.
The wight hits you from afar with a +7 trident!
You hit the wight.
The wight glows dangerously bright.
You tail-slap the wight, but do no damage.
The wight is lightly damaged.
The wight completely misses you.
You barely miss the wight.
The wight is lightly damaged.
The wight hits you from afar with a +7 trident.
The wight closely misses you.
You hit the wight but do no damage.
The wight shudders as magic cascades through it.
Your tail-slap misses the wight.
The wight is lightly damaged.
The wight closely misses you.
You completely miss the wight.
The wight is lightly damaged.
The wight completely misses you.
The wight hits you from afar with a +7 trident!
You feel drained.
You hit the wight but do no damage.
The wight begins to glow.
The wight is lightly damaged.
The wight hits you with a +4 halberd!
* * * LOW HITPOINT WARNING * * *
The wight closely misses you.
You hit the wight but do no damage.
The wight glows dangerously bright.
The wight is lightly damaged.
The wight hits you with a +4 halberd!
* * * LOW HITPOINT WARNING * * *
You feel drained.
* * * LOW HITPOINT WARNING * * *
The wight hits you from afar with a +7 trident.
You die...
Your body crumbles into a pile of gold.

.(.....#...#......#.....#........
.......#...#......#.....#........
.......#...#......#.....#.....###
.......#...#......#.....#.....# #
.......#...#......'.....#.....###
##.....'...'......##'#######'...'
.+....<#...#.....z.....z.>....###
.#.....#...#####z#............# #
.#....[#...##...p#............###
.#.....#...#..$>.#.........<.....
.#.....#...#.....#............#..
.#.....#...#.....#............#..
.#.....######....########.....#..
.#..........#...........).....#..
.'.)........#...........#.....#..
.#..........#...........#.....#..
.#..........#...........#.....#..


You could see 2 wights.

Vanquished Creatures
  A two-headed ogre (D:8)
  Pikel (D:6)
  Grum (D:8)
  Duvessa (D:5)
  6 orc warriors
  2 sky beasts (D:8)
  An ogre (D:4)
  2 wolves (D:8)
  4 centaurs
  A lemure (D:5)
  Blork the orc (D:5)
  2 gnoll sergeants (D:7)
  7 bullfrogs
  8 wights
  Dowan (D:5)
  A killer bee (D:8)
  3 howler monkeys
  2 hounds
  2 orc priests
  3 jellies
  A gnoll bouda (D:7)
  2 sleepcaps
  Terence (D:3)
  3 orc wizards
  Robin (D:3)
  4 adders
  18 gnolls
  2 ufetubi (D:7)
  3 dart slugs
  37 orcs
  4 bats
  2 endoplasms (D:1)
  2 giant cockroaches
  9 hobgoblins
  3 jackals (D:4)
  10 kobolds
  5 quokkas
  3 ball pythons
  6 frilled lizards
  14 goblins
  8 rats
188 creatures vanquished.

Notes
Turn   | Place    | Note
-------+----------+-------------------------------------------
     0 | D:1      | Turgor the Draconian Shapeshifter began the quest for the
                  | Orb.
     0 | D:1      | Reached XP level 1. HP: 16/16 MP: 1/1
   346 | D:1      | Found a faded altar of an unknown god.
   353 | D:1      | Reached XP level 2. HP: 21/23 MP: 2/2
   803 | D:2      | Reached XP level 3. HP: 28/29 MP: 3/3
  1137 | D:2      | Reached XP level 4. HP: 18/36 MP: 4/4
  1243 | D:2      | Identified the orb of Inevitability {mayhem, rF+ Will+}
  1749 | D:3      | Found a runed translucent door.
  1750 | D:3      | Noticed Crazy Yiuf
  1824 | D:3      | Found a white marble altar of Elyvilon.
  1932 | D:3      | Reached skill level 4 in Shapeshifting
  1998 | D:3      | Noticed Terence
  2013 | D:3      | Killed Terence
  2014 | D:3      | Reached XP level 5. HP: 23/42 MP: 5/5
  2304 | D:3      | Noticed Robin
  2382 | D:3      | Killed Robin
  2885 | D:4      | Found a staircase to the Ecumenical Temple.
  2898 | Temple   | Entered the Ecumenical Temple
  2918 | Temple   | Became a worshipper of Gozag Ym Sagoz the Greedy
  2960 | D:4      | Noticed an ogre
  3011 | D:4      | Killed an ogre
  3012 | D:4      | Reached XP level 6. HP: 26/51 MP: 6/6
  3455 | D:5      | Entered Level 5 of the Dungeon
  3465 | D:5      | Noticed Blork the orc
  3478 | D:5      | Killed Blork the orc
  3572 | D:5      | Reached skill level 5 in Shapeshifting
  3597 | D:5      | Noticed Dowan
  3603 | D:5      | Killed Dowan
  3604 | D:5      | Your scales start taking on a dull iron-grey colour.
  3604 | D:5      | Reached XP level 7. HP: 58/58 MP: 7/7
  3612 | D:5      | Noticed Duvessa
  3619 | D:5      | Killed Duvessa
  4002 | D:5      | Found an ancient bone altar of Kikubaaqudgha.
  4008 | D:5      | Found a glowing golden altar of the Shining One.
  4011 | D:5      | Found a sparkling altar of Nemelex Xobeh.
  4016 | D:5      | Found an ornate altar of the Wu Jian Council.
  4022 | D:5      | Found a bloodstained altar of Trog.
  4225 | D:5      | Found Uqacouru's Weapon Emporium.
  4639 | D:6      | Noticed Pikel
  4913 | D:6      | Killed Pikel
  4914 | D:6      | Reached skill level 5 in Unarmed Combat
  4914 | D:6      | Reached skill level 6 in Shapeshifting
  4914 | D:6      | Reached XP level 8. HP: 67/67 MP: 8/8
  5319 | D:6      | Reached skill level 5 in Fighting
  5817 | D:7      | Reached skill level 7 in Shapeshifting
  6082 | D:7      | Reached skill level 5 in Dodging
  6370 | D:7      | Reached XP level 9. HP: 63/75 MP: 9/9
  6699 | D:7      | Learned a level 1 spell: Apportation
  6883 | D:8      | Noticed Grum
  6916 | D:8      | Killed Grum
  7072 | D:8      | Reached skill level 8 in Shapeshifting
  7520 | D:9      | Found a sacrificial altar of Ru.
  8122 | D:8      | Noticed a two-headed ogre
  8128 | D:8      | Reached XP level 10. HP: 81/86 MP: 10/10
  8137 | D:8      | Killed a two-headed ogre
  8138 | D:8      | Reached skill level 9 in Shapeshifting
  8147 | D:8      | Found an iron altar of Okawaru.
  8303 | D:8      | HP: 2/80 [wight/+4 halberd (5)]
  8303 | D:8      | Slain by a wight

Illustrated notes

Levels and vault maps discovered:
D:1:      lightli_arrival_statuegarden, layout_rooms,
          hellmonk_ecumenical_altar_run_dry, serial_bayou,
          serial_bayou_lagoon_a, serial_bayou_ford_a, serial_bayou_shore_b,
          serial_bayou_shore_b, minmay_indecisive_spiral
D:2:      layout_basic, kennysheep_flooded_box
D:3:      layout_loops_ring, mainiacjoe_overflow_paths, grunt_ministairs_8,
          solitary_fountain, lexackson_kobold_supper, uniq_terence, uniq_robin,
          uniq_crazy_yiuf_cottage
D:4:      layout_rooms, minmay_temple_entry_waves, minmay_misc_feat_columns,
          minmay_quantized
D:5:      layout_layer_cave, nicolae_overflow_hallway_of_the_gods, serial_shops,
          nicolae_shop_bloodbath_and_beyond, uniq_blork_the_orc, uniq_duvessa
D:6:      layout_loops_ring, uniq_pikel
D:7:      layout_loops_corners, enter_bailey_7, hangedman_decor_push,
          kennysheep_pointless_box, chequers_serial_rivers_micro_c,
          minmay_fractal_squares_5
D:8:      layout_gridville, lemuel_doored_altar, uniq_grum
D:9:      layout_roguey [special_room_orc], nicolae_ru_great_annihilating_truth,
          erik_lair_island, due_unseen_surprise
Temple:   hc_temple_tempest_star

Skill      XL: |  1  2  3  4  5  6  7  8  9 10 |
---------------+-------------------------------+-----
Dodging        | 2 3 4 5 6 |  6.3
Fighting       | 2 3 4 5 7 |  7.3
Shapeshifting  | 4 5 6 7 8 9 |  9.2
Unarmed Combat | 4 5 6 7 |  7.4

Action                     |  1- 3 |  4- 6 |  7- 9 | 10-12 || total
---------------------------+-------+-------+-------+-------++-------
  Melee: Unarmed           |    69 |   173 |   392 |    32 ||   666
         Punch             |     2 |     6 |     1 |       ||     9
         Tailslap          |     4 |    15 |    70 |     4 ||    93
  Throw: Dart              |    13 |    15 |     5 |       ||    33
    Use: Scroll            |     3 |     6 |    10 |       ||    19
         Potion            |       |     3 |     4 |     1 ||     8
   Stab: Sleeping          |     1 |     1 |       |       ||     2
         Paralysed         |       |       |     1 |       ||     1
 Armour: Skin              |    28 |    68 |   204 |    22 ||   322
  Dodge: Dodged            |    34 |    72 |   231 |    33 ||   370
   Form: Flux              |       |       |     1 |       ||     1

Table legend: (Time is in decaauts)
 A = Elapsed time spent in this place.
 B = Non-inter-level travel time spent in this place.
 C = Inter-level travel time spent in this place.
 D = Time resting spent in this place.
 E = Time spent auto-exploring this place.
 F = Levels seen in this place.
 G = Mean time per level.
                   A        B        C        D        E       F      G
               +--------+--------+--------+--------+--------+-----+--------+
         Total |   8263 |   7953 |    310 |    133 |   5350 |  10 |  826.3 |
       Dungeon |   8222 |   7931 |    291 |    133 |   5350 |   9 |  913.6 |
        Temple |     40 |     21 |     19 |      0 |      0 |   1 |   40.0 |
               +--------+--------+--------+--------+--------+-----+--------+

Top non-repeatable levels by time:
     D:7: 1461 daAuts
     D:5: 1193 daAuts
     D:3: 1166 daAuts
     D:2: 847 daAuts
     D:6: 832 daAuts
     D:1: 737 daAuts
     D:8: 722 daAuts
     D:4: 668 daAuts
     D:9: 592 daAuts
  Temple: 40 daAuts
